 Dungeon Crawl Stone Soup version 0.27-a0-1140-g099f9bb0e8 (webtiles) character file.

Game seed: 631334409512371807

5 voltaire321 the Covered (level 1, -3/20 HPs)
             Began as a Minotaur Fighter on May 8, 2021.
             Frozen to death by an endoplasm (5 damage)
             ... on level 1 of the Dungeon.
             The game lasted 00:00:27 (134 turns).

voltaire321 the Covered (Minotaur Fighter)           Turns: 134, Time: 00:00:28

Health: -3/20      AC:  7    Str: 20    XL:     1   Next: 66%
Magic:  0/0        EV:  7    Int:  5    God:
Gold:   43         SH:  9    Dex:  9    Spells: 0/0 levels left

rFire    . . .     SeeInvis .   a - +0 war axe
rCold    . . .     Faith    .   c - +0 kite shield
rNeg     . . .     Spirit   .   b - +0 scale mail
rPois    .         Reflect  .   (helmet restricted)
rElec    .         Harm     .   (no cloak)
rCorr    .         Rampage  .   (no gloves)
Will     .....                  (no boots)
Stlth    ..........             (no amulet)
HPRegen  0.06/turn              (no ring)
MPRegen  0.07/turn              (no ring)

@: no status effects
A: horns 2, retaliatory headbutt
a: no special abilities


You were on level 1 of the Dungeon.
You visited 1 branch of the dungeon, and saw 1 of its levels.

You collected 43 gold pieces.

Inventory:

Hand Weapons
 a - a +0 war axe (weapon)
Armour
 b - a +0 scale mail (worn)
 c - a +0 kite shield (worn)
Scrolls
 e - 2 scrolls of teleportation {unknown}
 f - a scroll of identify {unknown}
Potions
 d - a potion of might


   Skills:
 + Level 3.7 Fighting
 + Level 2.5 Axes
 + Level 3.7 Armour
 + Level 0.3 Dodging
 + Level 3.7 Shields


You couldn't memorise any spells.
You didn't know any spells.
Your spell library was empty.

Dungeon Overview and Level Annotations

Branches:
Dungeon (1/15)

Altars:


Innate Abilities, Weirdness & Mutations

You have a pair of horns on your head.
You reflexively headbutt those who attack you in melee.


Message History

You block the giant cockroach's attack.
You hit the giant cockroach.
You kill the giant cockroach!
HP restored.
Found a hunting sling.
Found 12 bolts.
Found 31 arrows.
An endoplasm and a giant cockroach come into view.
The endoplasm quivers.
An endoplasm comes into view.
The endoplasm quivers.
You barely miss the giant cockroach. You block the giant cockroach's attack.
The endoplasm jiggles.
The giant cockroach bites you but does no damage.
You slash the giant cockroach!
You kill the giant cockroach!
You hit the endoplasm but do no damage. The endoplasm freezes you.
You are frozen.
The endoplasm hits you but does no damage.
A bat and a ball python come into view.
The ball python hisses angrily.
You hear a bark!
You block the endoplasm's attack. The endoplasm freezes you.
You are frozen.
Found a long sword.
You hit the endoplasm.
The endoplasm is moderately wounded.
You closely miss the bat. You completely miss the endoplasm.
You block the bat's attack. The endoplasm freezes you.
You are frozen.
The endoplasm freezes you.
You are frozen.
* * * LOW HITPOINT WARNING * * *
You block the bat's attack. The endoplasm hits you.
* * * LOW HITPOINT WARNING * * *
The endoplasm freezes you.
You are frozen.
You die...

#..# #) #..# #. #..# #
#.### #..# #.# ##....
#..### #.###...S#
#....###..##.#..#######
##.)...................
###.#...##.##JbJ(.#
#.#.###.#.##@#.##
#####...#(..#...## ..
........###.#.##.#.##.#
#######...##.##..... .#
##............. .
#....#).#######
####...## #.### #.#


You could see 2 endoplasms, a bat and a ball python.

Vanquished Creatures
  2 giant cockroaches (D:1)
  2 goblins (D:1)
4 creatures vanquished.

Notes
Turn   | Place    | Note
-------+----------+-------------------------------------------
     0 | D:1      | voltaire321 the Minotaur Fighter began the quest for the
                  | Orb.
     0 | D:1      | Reached XP level 1. HP: 19/19 MP: 0/0
   134 | D:1      | Frozen to death by an endoplasm

Illustrated notes

Levels and vault maps discovered:
D:1:      amcnicky_arrival_underground_garden, layout_loops_ring,
          minmay_ruptured

Action                   || total
-------------------------++-------
Melee: War axe           ||     9
Armor: Scale mail        ||     4
Dodge: Dodged            ||     2
Block: Kite shield       ||     7

Table legend: (Time is in decaauts)
 A = Elapsed time spent in this place.
 B = Non-inter-level travel time spent in this place.
 C = Inter-level travel time spent in this place.
 D = Time resting spent in this place.
 E = Time spent auto-exploring this place.
 F = Levels seen in this place.
 G = Mean time per level.
                   A        B        C        D        E       F      G
               +--------+--------+--------+--------+--------+-----+--------+
         Total |    139 |    139 |      0 |      0 |    111 |   1 |  139.0 |
       Dungeon |    139 |    139 |      0 |      0 |    111 |   1 |  139.0 |
               +--------+--------+--------+--------+--------+-----+--------+

Top non-repeatable levels by time:
     D:1: 139 daAuts
